 Dungeon Crawl Stone Soup version 0.29.1-2-gbd0b4ee654 (webtiles) character file.

Game seed: 11181940592957544015

2292 Icepheonix32 the Reanimator (level 9, -2/40 HPs)
             Began as a Deep Elf Necromancer on Nov 2, 2022.
             Was a Believer of Hepliaklqana.
             Killed by divine providence
             ... invoked by an orc priest
              (15 damage)
             ... on level 7 of the Dungeon.
             The game lasted 00:13:40 (6196 turns).

Icepheonix32 the Reanimator (Deep Elf Necromancer)  Turns: 6196, Time: 00:13:41

Health: -2/40      AC:  8    Str:  9    XL:     9   Next: 17%
Magic:  11/19      EV: 14    Int: 21    God:    Hepliaklqana [**....]
Gold:   264        SH:  0    Dex: 21    Spells: 11/19 levels left

rFire   + . .      SeeInvis +   w - staff of death
rCold   + . .      Faith    .   (no shield)
rNeg    + . .      Spirit   .   g - +2 leather armour of the Apprentice {Rampage rCorr Dex+6}
rPois   .          Reflect  .   c - +2 hat
rElec   .          Harm     .   (no cloak)
rCorr   +          Rampage  +   y - +0 pair of gloves of Gitu {rC+ Will- Regen+ SInv}
Will    .....                   (no boots)
Stlth   ++........              (no amulet)
HPRegen 0.93/turn               d - ring of protection from fire
MPRegen 0.16/turn               (no ring)

@: studying Staves
A: reduced essence
a: Renounce Religion, Recall Ancestor, Ancestor Identity


You were on level 7 of the Dungeon.
You worshipped Hepliaklqana.
Hepliaklqana was pleased with you.
You visited 1 branch of the dungeon, and saw 6 of its levels.
You also visited: Sewer.

You collected 264 gold pieces.

Inventory:

Hand Weapons
 f - a +0 dagger
 l - the +7 spear "Deodueph" {vorpal, rElec}
   (You found it on level 3 of the Dungeon)

   It inflicts extra damage upon your enemies.
   rElec:     It insulates you from electricity.
 s - a +1 whip of pain
Missiles
 m - 2 boomerangs
Armour
 a - a +0 robe
 c - a +2 hat (worn)
 g - the +2 leather armour of the Apprentice (worn) {Rampage rCorr Dex+6}
   (You found it on level 3 of the Dungeon)

   Dex:       It affects your dexterity (+6).
   rCorr:     It protects you from acid and corrosion.
   Rampage:   It bestows one free step when moving towards enemies.
 k - a +0 cloak
 x - a +2 leather armour of willpower
 y - the +0 pair of gloves of Gitu (worn) {rC+ Will- Regen+ SInv}
   (You found it on level 7 of the Dungeon)

   rC:        It protects you from cold.
   SInv:      It lets you see invisible.
   Regen:     It increases your rate of health regeneration.
   Will:      It decreases your willpower.
Magical Staves
 w - a staff of death (weapon)
Jewellery
 d - a ring of protection from fire (left hand)
Scrolls
 e - 5 scrolls of immolation
 h - a scroll of torment
 o - a scroll of fear {unknown}
 u - a scroll of summoning {unknown}
 v - a scroll of poison {unknown}
 z - 2 scrolls of fog {unknown}
 A - a scroll of silence
Potions
 b - 3 potions of magic
 i - a potion of attraction
 j - 2 potions of cancellation
 n - a potion of resistance
 p - 3 potions of heal wounds
 q - a potion of brilliance
 r - a potion of invisibility {unknown}
 t - a potion of ambrosia
 B - a potion of degeneration {unknown}
 C - 2 potions of berserk rage {unknown}
 D - 2 potions of might {unknown}


   Skills:
 + Level 0.1 Fighting
 + Level 0.4 Staves
 * Level 3.1 Armour
 * Level 4.8 Dodging
 + Level 2.4 Stealth
 + Level 5.8 Spellcasting
 * Level 12.4 Necromancy
 * Level 3.4 Evocations


You had 11 spell levels left.
You knew the following spells:

 Your Spells              Type           Power      Damage    Failure   Level
a - Necrotise             Necr           100%       1d9       1%          1
b - Vampiric Draining     Necr           72%        2d11      1%          3
c - Animate Dead          Necr           72%        N/A       1%          4

Your spell library contained the following spells:

 Spells                   Type           Power      Damage    Failure   Level
 Agony                    Necr           72%        N/A       2%          5
 Shock                    Conj/Air       24%        1d4       14%         1
 Swiftness                Air            6%         N/A       38%         3
 Airstrike                Air            3%         2d(1-17)  80%         4


Dungeon Overview and Level Annotations

Branches:
Dungeon (7/15)             Temple (0/1) D:4           Sewer (visited)

Altars:
Ashenzari
Elyvilon
Hepliaklqana
Sif Muna
The Shining One

Shops:
D:3 *   D:6 [


Message History

The orc priest casts a cantrip, but nothing happens.
The centaur shoots an arrow.
The arrow barely misses you.
Thulani blocks the arrow.
An orc wizard comes into view. It is wielding a +0 dagger.
You feel a surge of power!
The centaur barely resists.
The centaur shoots an arrow.
The arrow hits you!
Your orc skeleton hits the centaur but does no damage.
You feel a surge of power!
The centaur barely resists.
The centaur shoots an arrow.
The arrow closely misses you.
The arrow hits Thulani!
Your orc skeleton closely misses the centaur.
You feel a surge of power!
The orc writhes in agony.
The orc barely misses you.
Your orc skeleton barely misses the centaur.
Unknown command.
You feel a surge of power!
The orc writhes in agony.
You kill the orc!
The dead are walking!
The centaur shoots an arrow.
The arrow hits you!
An orc warrior comes into view. It is wielding a +0 short sword.
The centaur shoots an arrow.
The arrow hits you!
Your orc skeleton hits the centaur.
You are too injured to fight recklessly!
You are too injured to fight recklessly!
You are too injured to fight recklessly!
Unknown command.
You swap places.
The orc priest invokes the aid of Beogh against you.
Beogh smites you!
* * * LOW HITPOINT WARNING * * *
Thulani hits the centaur with a +0 flail!
Casting: Necrotise (safe; 1% risk of failure)
Confirm with . or Enter, or press ? or * to list all spells.
Aiming: Necrotise (safe; 1% risk of failure)
Press: ? - help, Shift-Dir - straight line, f - centaur
Aim: a centaur, wielding a +0 shortbow (heavily wounded, not watching you, ally target, chance to affect: 83%)
You feel a surge of power! Thulani avoids your attack.
The centaur writhes in agony.
The centaur shoots an arrow.
The arrow hits Thulani.
The orc priest mumbles some strange prayers to Beogh against you.
Beogh smites you!
You die... #......# #. #.o....# ######. #...... #...... #..... #...... #Z.o. #......
Z)o

#...... #c#
#...... #R#
#......
########@#
#......
#........#
#......
##.#######
####### #.#
#########
#.#
.........
#.#
.........
##.#####
.........
#......#
#.####....#
######.#
#.###......


You could see the friendly Thulani the knight, an orc warrior, a centaur (ally
target), an orc priest, an orc wizard and 2 friendly orc skeletons.

Vanquished Creatures
  A slime creature (D:7)
  Sigmund (D:3)
  A sky beast (D:6)
  A centaur (D:6)
  2 kobold brigands
  2 bullfrogs
  A necrophage (D:7)
  2 scorpions
  A howler monkey (D:3)
  An orc priest (D:6)
  2 hounds
  An iguana (D:6)
  2 gnolls (D:6)
  4 river rats
  10 adders
  2 worms (D:2)
  2 dart slugs (D:3)
  6 orcs
  7 endoplasms
  5 giant cockroaches
  3 goblins
  9 hobgoblins
  9 kobolds
  3 quokkas
  12 ball pythons
  2 bats (D:2)
  3 frilled lizards
  18 rats
113 creatures vanquished.

Vanquished Creatures (collateral kills)
  A slime creature (D:7)
  A yak (D:6)
  Menkaure (D:7)
  A water moccasin (D:7)
  A sky beast (D:7)
  A centaur (D:7)
  A phantom (D:6)
  A bullfrog (D:6)
  A scorpion (D:7)
  A gnoll (D:6)
  A river rat (Sewer)
  A white imp (D:6)
  2 worms
  2 orcs (D:6)
  An endoplasm (D:2)
  A frilled lizard (D:1)
  2 kobolds (Sewer)
  4 rats (Sewer)
24 creatures vanquished.

Vanquished Creatures (others)
  A centaur zombie (D:6)
  An ancestor (D:6)
2 creatures vanquished.

Grand Total: 139 creatures vanquished

Notes
Turn   | Place    | Note
-------+----------+-------------------------------------------
     0 | D:1      | Icepheonix32 the Deep Elf Necromancer began the quest for
                  | the Orb.
     0 | D:1      | Reached XP level 1. HP: 10/10 MP: 6/6
    49 | D:1      | Reached skill level 5 in Necromancy
   564 | D:1      | Reached XP level 2. HP: 15/15 MP: 6/8
  1314 | D:2      | Reached skill level 6 in Necromancy
  1314 | D:2      | Reached XP level 3. HP: 19/19 MP: 6/9
  1757 | D:2      | Reached XP level 4. HP: 24/24 MP: 7/10
  2074 | D:3      | Found Legruzen's General Store.
  2074 | D:3      | Found a faded altar of an unknown god.
  2090 | D:3      | Identified the +2 leather armour of the Apprentice {Rampage
                  | rCorr Dex+6}
  2107 | D:3      | Found a glowing drain.
  2108 | D:3      | Identified the +7 spear "Deodueph" {vorpal, rElec}
  2112 | D:3      | Reached skill level 7 in Necromancy
  2146 | Sewer    | Entered a sewer
  2282 | Sewer    | Noticed a kobold brigand
  2290 | Sewer    | Killed a kobold brigand
  2291 | Sewer    | Reached XP level 5. HP: 23/28 MP: 4/11
  2380 | Sewer    | Reached skill level 8 in Necromancy
  2479 | Sewer    | Learned a level 3 spell: Vampiric Draining
  2484 | Sewer    | Learned a level 4 spell: Animate Dead
  2962 | D:3      | Reached XP level 6. HP: 32/32 MP: 12/12
  3069 | D:3      | Noticed Sigmund
  3080 | D:3      | Killed Sigmund
  3081 | D:3      | Reached skill level 9 in Necromancy
  3081 | D:3      | Found a hazy altar of Hepliaklqana.
  3093 | D:3      | Became a worshipper of Hepliaklqana the Forgotten
  3885 | D:4      | Found a broken altar of Ashenzari.
  3909 | D:4      | Found a staircase to the Ecumenical Temple.
  3980 | D:4      | Reached XP level 7. HP: 36/36 MP: 6/13
  4060 | D:4      | Reached * piety under Hepliaklqana
  4087 | D:4      | Found a glowing golden altar of the Shining One.
  4159 | D:4      | You fall into a shaft and drop 2 floors!
  4229 | D:6      | Reached skill level 1 in Armour
  4229 | D:6      | Reached skill level 1 in Evocations
  4361 | D:6      | Reached skill level 10 in Necromancy
  4618 | D:6      | Found a shimmering blue altar of Sif Muna.
  4717 | D:6      | Noticed a yak
  4890 | D:6      | Reached XP level 8. HP: 23/36 MP: 5/15
  5045 | D:6      | Found Beqoigrirph's Armour Shoppe.
  5211 | D:6      | Reached skill level 11 in Necromancy
  5315 | D:6      | Found a white marble altar of Elyvilon.
  5411 | D:6      | Reached ** piety under Hepliaklqana
  5412 | D:6      | Remembered your ancestor Thulani as a knight
  5613 | D:7      | Noticed a slime creature
  5623 | D:7      | Killed a slime creature
  5624 | D:7      | Reached skill level 5 in Spellcasting
  5679 | D:7      | Noticed a slime creature
  5690 | D:7      | Killed a slime creature
  5693 | D:7      | Reached skill level 12 in Necromancy
  5902 | D:7      | Reached XP level 9. HP: 40/40 MP: 14/19
  5956 | D:7      | Identified the +0 pair of gloves of Gitu {rC+ Will- Regen+
                  | SInv}
  5972 | D:7      | Noticed Menkaure
  5979 | D:7      | Killed Menkaure
  6196 | D:7      | Killed from afar by an orc priest

Illustrated notes

Levels and vault maps discovered:
D:1:      saegor_arrival_simple_c, layout_loops_ring, minmay_tree_intersection,
          amcnicky_mini_pool_small
D:2:      layout_basic, minmay_tiny_reverse_x
D:3:      layout_loops_ring, lemuel_coloured_pillars_altar,
          portal_sewer_entry_a, basic_ecumenical_altar, serial_shops,
          nicolae_shop_stone, uniq_sigmund
D:4:      layout_loops_cross, tso_oasis_becter,
          mainiacjoe_overflow_six_doors_small, minmay_temple_entry_overgrown,
          minivault_27
D:6:      layout_gridville, overflow_temple_1_default,
          nicolae_elyvilon_peaceful_grove, serial_shops, shop, grunt_tough_drop
D:7:      layout_basic, trog_wizard, mainiacjoe_overflow_paths,
          minmay_misc_feat_enclosed, minmay_manual_moon, uniq_menkaure

Skill      XL: |  1  2  3  4  5  6  7  8  9 |
---------------+----------------------------+-----
Necromancy     | 5 6 7 8 9 10 12 | 12.4
Dodging        | 3 4 |  4.8
Armour         | 1 2 3 |  3.1
Evocations     | 2 3 |  3.4
Spellcasting   | 5 |  5.8
Fighting       | |  0.1
Staves         | |  0.4
Stealth        | |  2.4

Action                   |  1- 3 |  4- 6 |  7- 9 || total
-------------------------+-------+-------+-------++-------
Melee: Dagger            |    11 |       |       ||    11
       Punch             |     2 |       |       ||     2
       Spear             |       |    15 |       ||    15
       Staff             |       |       |    20 ||    20
 Cast: Necrotise         |    63 |   109 |   102 ||   274
       Vampiric Draining |       |       |     7 ||     7
       Animate Dead      |       |       |     1 ||     1
Invok: Recall Ancestor   |       |       |     1 ||     1
       Ancestor Life: Kn |       |       |     1 ||     1
  Use: Scroll            |     1 |     3 |     5 ||     9
       Potion            |     1 |       |     3 ||     4
 Stab: Sleeping          |     1 |     1 |       ||     2
Armor: Robe              |     8 |     3 |       ||    11
       Leather armour    |       |    11 |    15 ||    26
Dodge: Dodged            |    20 |    32 |    40 ||    92
